 Dungeon Crawl Stone Soup version 0.29-a0-356-g7bc237e783 (webtiles) character file.

Game seed: 10154924744830067596

130 spaghetti the Poker (level 5, -3/47 HPs)
             Began as a Gnoll Berserker on Apr 25, 2022.
             Was a Believer of Trog.
             Killed by divine providence
             ... invoked by an orc priest
              (14 damage)
             ... on level 3 of the Dungeon.
             The game lasted 00:05:53 (2225 turns).

spaghetti the Poker (Gnoll Berserker)               Turns: 2225, Time: 00:05:54

Health: -3/47      AC:  3    Str: 16    XL:     5   Next: 14%
Magic:  6/7        EV: 14    Int:  8    God:    Trog [**....]
Gold:   174        SH:  0    Dex: 18    Spells: 6/6 levels left

rFire   . . .      SeeInvis .   m - +2 dagger (freeze) {short}
rCold   . . .      Faith    .   (no shield)
rNeg    . . .      Spirit   .   b - +0 animal skin
rPois   .          Reflect  .   (no helmet)
rElec   .          Harm     .   (no cloak)
rCorr   .          Rampage  .   i - +0 pair of gloves
Will    ++...                   (no boots)
Stlth   ++........              (no amulet)
HPRegen 1.15/turn               h - +6 ring of dexterity
MPRegen 0.10/turn               (no ring)

@: strong-willed, regenerating
A: fangs 1, strong nose, distributed training
a: Renounce Religion, Berserk, Trog's Hand


You were on level 3 of the Dungeon.
You worshipped Trog.
Trog was pleased with you.
You visited 1 branch of the dungeon, and saw 3 of its levels.

You collected 174 gold pieces.


Innate Abilities, Weirdness & Mutations

You have very sharp teeth.
Your uncanny sense of smell can sniff out nearby items.
Your experience applies equally to all skills.


   Skills:
 + Level 6.6 Fighting
 + Level 1.4 Short Blades
 + Level 1.4 Long Blades
 + Level 1.4 Axes
 + Level 1.4 Maces & Flails
 + Level 6.6 Polearms
 + Level 1.4 Staves
 + Level 1.4 Slings
 + Level 1.4 Bows
 + Level 1.4 Crossbows
 + Level 1.4 Throwing
 + Level 4.7 Armour
 + Level 4.7 Dodging
 + Level 1.4 Stealth
 + Level 1.4 Shields
 + Level 1.4 Unarmed Combat
 + Level 1.4 Spellcasting
 + Level 1.1 Conjurations
 + Level 1.1 Hexes
 + Level 1.1 Summonings
 + Level 1.1 Necromancy
 + Level 1.1 Translocations
 + Level 1.1 Transmutations
 + Level 1.1 Fire Magic
 + Level 1.1 Ice Magic
 + Level 1.1 Air Magic
 + Level 1.1 Earth Magic
 + Level 1.1 Poison Magic
 + Level 1.5 Invocations
 + Level 1.4 Evocations


You had 6 spell levels left.
You didn't know any spells.
Your spell library contained the following spells:

 Spells                   Type           Power      Damage    Failure   Level
 Animate Skeleton         Necr           4%         N/A       24%         1
 Pain                     Necr           8%         1d4       24%         1
 Sublimation of Blood     Necr           2%         N/A       36%         2
 Wereblood                Tmut           2%         N/A       36%         2
 Portal Projectile        Hex/Tloc       4%         N/A       58%         3
 Swiftness                Air            2%         N/A       58%         3
 Vampiric Draining        Necr           2%         2d6       58%         3
 Anguish                  Hex/Necr       1%         N/A       94%         4
 Animate Armour           Summ/Erth      4%         N/A       94%         4
 Cause Fear               Hex            1%         N/A       94%         4
 Blade Hands              Tmut           1%         N/A       100%        5
 Iron Shot                Conj/Erth      1%         9d1       100%        6
 Summon Hydra             Summ           1%         N/A       100%        7

Inventory:

Hand Weapons
 a - a +0 spear {polearm}
 m - a +2 dagger of freezing (weapon) {short}
   (You took it off a kobold on level 3 of the Dungeon)
Missiles
 e - 44 stones (quivered) {throwing}
Armour
 b - a +0 animal skin (worn)
 i - a +0 pair of gloves (worn)
   (You found it on level 2 of the Dungeon)
Jewellery
 h - a +6 ring of dexterity (left hand)
   (You found it on level 1 of the Dungeon)
Scrolls
 c - 5 scrolls of identify {unknown}
 d - 4 scrolls of noise {unknown}
 j - a scroll of teleportation {unknown}
 k - 2 scrolls of brand weapon {unknown}
Potions
 f - a potion of brilliance {unknown}
 g - a potion of flight {unknown}
 l - a potion of mutation {unknown}

Dungeon Overview and Level Annotations

Branches:
Dungeon (3/15)

Altars:

.....................##..#
.....>...........#)####..#
................#.##.....
............##..##.....
#........##.........#
#.##............<##..#.#
#...........#...###.#..#
#..#.#.#......#..##.#.#.
.........@......##.##.#.#.
.........o))...###.##.....
.........o................
#######(..o#####..#..##.##
#...o. .# #..#.# ##.#.o. .
#..#.# #.....# #. ..#
#......


You could see an orc priest, 2 orc wizards and 2 orcs.


Message History

You are too injured to fight recklessly!
You are too injured to fight recklessly!
You are too injured to fight recklessly!
You are too injured to fight recklessly!
You are too injured to fight recklessly!
You are too injured to fight recklessly!
You are too injured to fight recklessly!
You are too injured to fight recklessly!
You are too injured to fight recklessly!
You are too injured to fight recklessly!
You are too injured to fight recklessly!
You are too injured to fight recklessly!
You are too injured to fight recklessly!
You closely miss the orc. You hit the orc. You freeze the orc. You hit the orc.
You freeze the orc.
You kill the orc!
Trog accepts your kill. The orc closely misses you. x2
You hit the orc. You freeze the orc.
You kill the orc!
Trog accepts your kill.
The orc hits you with a +0 club. 😕 HP[-4]
You take 4 damage, and now have 33/41 hp.
You hit the orc. You freeze the orc. The orc closely misses you.
You closely miss the orc. You bite the orc, but do no damage.
Something hits you. The orc misses you. 😕 HP[-1]
You take 1 damage, and now have 32/41 hp.
You hit the orc but do no damage. Something hits you.
The orc hits you with a +0 club. 😮 HP[-5]
You take 5 damage, and now have 27/41 hp.
You hit the orc. You freeze the orc. Something hits you.
The orc hits you but does no damage. 😮 HP[-1]
You take 1 damage, and now have 26/41 hp.
You hit the orc. You freeze the orc.
You kill the orc!
Trog accepts your kill. Something hits you. 😮 HP[-2]
You take 2 damage, and now have 24/41 hp.
You hit something. You freeze something. You hit something.
You freeze something. Something hits you.
* * * LOW HITPOINT WARNING * * *
😨 HP[-4]
You take 4 damage, and now have 20/41 hp.
You hit something but do no damage. Something hits you but does no damage.
You hit something but do no damage. Something barely misses you.
You hit something. You freeze something.
You hear some strange, mumbled words.
A puff of flame appears from out of thin air!
The puff of flame hits you.
* * * LOW HITPOINT WARNING * * *
😨 HP[-6]
You take 6 damage, and now have 14/41 hp.
You hit something. You freeze something. Trog accepts your kill.
Trog appreciates your killing of a magic user.
Reactivating autopickup.
You feel a bit more experienced.
You have reached level 5! 😨 HP[+3]
You now have 47 max hp (+6).
You regained 3 hp, and now have 17/47 hp.
You pick up the Collected Works on Cloudy Enchantment {forbidden} and begin reading...
You add the spells Swiftness, Portal Projectile, Cause Fear and Anguish to your library.
An orc comes into view. It is wielding a +0 hand axe. 😨 HP[+1]
An orc is nearby!
The orc shouts!
You hear a shout! x2
An orc wizard comes into view. It is wielding a +0 dagger.
You closely miss the orc.
An orc comes into view. It is wielding a +0 hand axe.
The orc hits you but does no damage. 😨 MP[+1]
The orc wizard shouts!
You hit the orc but do no damage. The orc barely misses you.
An orc wizard comes into view. It is wielding a +0 dagger.
The orc wizard shouts!
You hit the orc. You freeze the orc.
An orc priest comes into view. It is wielding a +0 vampiric dagger.
The orc hits you with a +0 hand axe!
* * * LOW HITPOINT WARNING * * *
😱 HP[-7]
You take 7 damage, and now have 11/47 hp.
You hit the orc but do no damage. The orc barely misses you. 😨 HP[+1]
Your skin crawls.
You feel strong-willed. The orc hits you with a +0 hand axe.
* * * LOW HITPOINT WARNING * * *
😱 HP[-2]
You take 2 damage, and now have 10/47 hp.
You barely miss the orc.
The orc priest mumbles some strange prayers to Beogh against you.
Beogh smites you!
You die...

Skill      XL: |  1  2  3  4 |
---------------+-------------+-----
Invocations    | 1 |  1.5
Short Blades   | 1 |  1.4
Long Blades    | 1 |  1.4
Axes           | 1 |  1.4
Maces & Flails | 1 |  1.4
Staves         | 1 |  1.4
Slings         | 1 |  1.4
Bows           | 1 |  1.4
Crossbows      | 1 |  1.4
Throwing       | 1 |  1.4
Stealth        | 1 |  1.4
Shields        | 1 |  1.4
Unarmed Combat | 1 |  1.4
Spellcasting   | 1 |  1.4
Evocations     | 1 |  1.4
Conjurations   | 1 |  1.1
Hexes          | 1 |  1.1
Summonings     | 1 |  1.1
Necromancy     | 1 |  1.1
Translocations | 1 |  1.1
Transmutations | 1 |  1.1
Fire Magic     | 1 |  1.1
Ice Magic      | 1 |  1.1
Air Magic      | 1 |  1.1
Earth Magic    | 1 |  1.1
Poison Magic   | 1 |  1.1
Fighting       | |  6.6
Polearms       | |  6.6
Armour         | |  4.7
Dodging        | |  4.7

Action                   |  1- 3 |  4- 6 || total
-------------------------+-------+-------++-------
Melee: Spear             |   103 |    56 ||   159
       Bite              |     4 |     9 ||    13
       Dagger            |       |    31 ||    31
Throw: Stone             |    34 |       ||    34
Invok: Trog's Hand       |       |     1 ||     1
 Stab: Sleeping          |     7 |     6 ||    13
Armor: Animal skin       |     9 |     8 ||    17
Dodge: Dodged            |    44 |    26 ||    70

Levels and vault maps discovered:
D:1:      dpeg_arrival_prison, layout_basic, ebering_ecumenical_altar_box,
          st_stairs_3
D:2:      layout_loops_ring
D:3:      layout_rooms, st_stairs_1, uniq_ijyb, uniq_terence

Notes
Turn   | Place    | Note
-------+----------+-------------------------------------------
     0 | D:1      | spaghetti the Gnoll Berserker began the quest for the Orb.
     0 | D:1      | Reached XP level 1. HP: 23/23 MP: 1/1
     0 | D:1      | magus.rc [v1.9.6]
   207 | D:1      | Found a faded altar of an unknown god.
   315 | D:1      | Reached XP level 2. HP: 27/29 MP: 2/2
   566 | D:1      | Reached ** piety under Trog
   679 | D:1      | Reached XP level 3. HP: 35/35 MP: 3/3
  1234 | D:2      | Reached skill level 1 in Invocations
  1411 | D:2      | Reached skill level 1 in Short Blades
  1411 | D:2      | Reached skill level 1 in Long Blades
  1411 | D:2      | Reached skill level 1 in Axes
  1411 | D:2      | Reached skill level 1 in Maces & Flails
  1411 | D:2      | Reached skill level 1 in Staves
  1411 | D:2      | Reached skill level 1 in Slings
  1411 | D:2      | Reached skill level 1 in Bows
  1411 | D:2      | Reached skill level 1 in Crossbows
  1411 | D:2      | Reached skill level 1 in Throwing
  1411 | D:2      | Reached skill level 1 in Stealth
  1411 | D:2      | Reached skill level 1 in Shields
  1411 | D:2      | Reached skill level 1 in Unarmed Combat
  1411 | D:2      | Reached skill level 1 in Spellcasting
  1411 | D:2      | Reached skill level 1 in Evocations
  1411 | D:2      | Reached XP level 4. HP: 41/41 MP: 5/5
  1414 | D:2      | You pick up a book of Iron {forbidden} and begin reading...
  1414 | D:2      | You add the spells Animate Armour, Blade Hands and Iron
                  | Shot to your library.
  1494 | D:2      | You pick up a book of Necromancy {forbidden} and begin
                  | reading...
  1494 | D:2      | You add the spells Pain, Animate Skeleton and Vampiric
                  | Draining to your library.
  1825 | D:2      | Reached skill level 1 in Conjurations
  1825 | D:2      | Reached skill level 1 in Hexes
  1825 | D:2      | Reached skill level 1 in Summonings
  1825 | D:2      | Reached skill level 1 in Necromancy
  1825 | D:2      | Reached skill level 1 in Translocations
  1825 | D:2      | Reached skill level 1 in Transmutations
  1825 | D:2      | Reached skill level 1 in Fire Magic
  1825 | D:2      | Reached skill level 1 in Ice Magic
  1825 | D:2      | Reached skill level 1 in Air Magic
  1825 | D:2      | Reached skill level 1 in Earth Magic
  1825 | D:2      | Reached skill level 1 in Poison Magic
  1998 | D:3      | You pick up a book of Blood {forbidden} and begin
                  | reading...
  1998 | D:3      | You add the spells Sublimation of Blood, Wereblood and
                  | Summon Hydra to your library.
  2211 | D:3      | Reached XP level 5. HP: 17/47 MP: 5/7
  2215 | D:3      | You add the spells Swiftness, Portal Projectile, Cause Fear
                  | and Anguish to your library.
  2215 | D:3      | Got the Collected Works on Cloudy Enchantment {forbidden}
  2222 | D:3      | HP: 11/47 [orc/+0 hand axe (7)]
  2225 | D:3      | Killed from afar by an orc priest

Vanquished Creatures
  An orc wizard (D:3)
  4 adders (D:2)
  4 dart slugs
  4 orcs (D:3)
  4 bats
  6 endoplasms
  4 giant cockroaches
  2 goblins
  4 hobgoblins
  7 kobolds
  3 quokkas (D:1)
  4 ball pythons
  4 frilled lizards
  7 rats
58 creatures vanquished.

Table legend:
 A = Non-vault XP
 B = Vault XP
 C = Vault XP percentage of total XP
 D = Non-vault monster count
 E = Vault monster count
 F = Vault count percentage of total count
                 A         B        C        D         E       F
            +---------+---------+-------+---------+---------+-------
      Total |     179 |       8 |   4.3 |      52 |       6 |  10.3
            +---------+---------+-------+---------+---------+-------
        D:1 |      45 |       5 |  10.0 |      26 |       4 |  13.3
        D:2 |      79 |       0 |   0.0 |      16 |       0 |   0.0
        D:3 |      55 |       3 |   5.2 |      10 |       2 |  16.7
            +---------+---------+-------+---------+---------+-------

Illustrated notes

Table legend:
 A = Kills in this place as a percentage of kills in entire the game.
 B = Kills by you in this place as a percentage of kills by you in the entire game.
 C = Kills by friends in this place as a percentage of kills by friends in the entire game.
 D = Other kills in this place as a percentage of other kills in the entire game.
 E = Experience gained in this place as a percentage of experience gained in the entire game.
 F = Experience gained in this place divided by the number of levels of this place that you have seen.
                   A       B       C       D       E      F
               +-------+-------+-------+-------+-------+----------------------
         Total | 100.0 | 100.0 |   N/A |   N/A | 100.0 |  62.3
       Dungeon | 100.0 | 100.0 |   N/A |   N/A | 100.0 |  62.3
               +-------+-------+-------+-------+-------+----------------------

Table legend: (Time is in decaauts)
 A = Elapsed time spent in this place.
 B = Non-inter-level travel time spent in this place.
 C = Inter-level travel time spent in this place.
 D = Time resting spent in this place.
 E = Time spent auto-exploring this place.
 F = Levels seen in this place.
 G = Mean time per level.
                   A        B        C        D        E       F      G
               +--------+--------+--------+--------+--------+-----+--------+
         Total |   2187 |   2085 |    102 |    294 |   1406 |   3 |  729.0 |
       Dungeon |   2187 |   2085 |    102 |    294 |   1406 |   3 |  729.0 |
               +--------+--------+--------+--------+--------+-----+--------+

Top non-repeatable levels by time:
     D:1: 1140 daAuts
     D:2: 812 daAuts
     D:3: 234 daAuts
